 Dungeon Crawl Stone Soup version 0.23-a0-143-g1adec7b (webtiles) character file.

67 Amnesiac the Insei (level 3, -2/29 HPs)
             Began as a Mummy Monk on Sept 3, 2018.
             Slain by an orc
             ... wielding a +0 quarterstaff
              (12 damage)
             ... on level 3 of the Dungeon.
             The game lasted 00:01:56 (2275 turns).

Amnesiac the Insei (Mummy Monk)                     Turns: 2275, Time: 00:01:57

Health: -2/29      AC:  0    Str: 14    XL:     3   Next: 98%
Magic:  3/3        EV: 13    Int:  9    God:
Gold:   133        SH:  0    Dex: 15    Spells: 2/2 levels left

rFire    x . .     SeeInvis .     - Unarmed
rCold    + . .     Gourm    .   (no shield)
rNeg     + + +     Faith    .   (no armour)
rPois    ∞         Spirit   .   (no helmet)
rElec    .         Reflect  .   (no cloak)
rCorr    .         Harm     .   (no gloves)
MR       .....                  (no boots)
Stlth    ++........             (no amulet)
HPRegen  0.09/turn              (no ring)
MPRegen  0.08/turn              (no ring)

@: no status effects
A: no food or potions, fire vulnerability, cold resistance 1, negative energy
resistance 3, torment resistance, unbreathing
a: no special abilities


You were on level 3 of the Dungeon.
You were not hungry.

You visited 1 branch of the dungeon, and saw 3 of its levels.

You collected 133 gold pieces.

Inventory:

Wands
 e - a wand of scattershot (7)
Scrolls
 a - 2 scrolls of remove curse {!r}
 b - a scroll of enchant weapon {!r, unknown}
 c - 2 scrolls of identify {!r, unknown}
 d - a scroll of fog {!r}


   Skills:
 - Level 3.0 Fighting
 - Level 2.4 Dodging
 - Level 1.5 Stealth
 + Level 4.0 Unarmed Combat


You had 2 spell levels left.
You didn't know any spells.
Your spell library was empty.

Dungeon Overview and Level Annotations

Branches:
Dungeon (3/15)

Altars:
Kikubaaqudgha
Okawaru
Qazlal


Innate Abilities, Weirdness & Mutations

You do not eat or drink.
Your flesh is vulnerable to fire.
You are immune to poison.
Your flesh is cold resistant. (rC+)
You are immune to negative energy. (rN+++)
You are immune to unholy pain and torment.
You can survive without breathing.


Message History

The adder is heavily wounded.
The adder bites you. x2
You closely miss the adder.
The adder is heavily wounded.
The adder bites you.
You hit the adder.
The adder is almost dead.
The adder closely misses you.
You miss the adder.
The adder is almost dead.
The adder closely misses you.
You hit the adder.
You kill the adder!
Your Unarmed Combat skill increases to level 4!
No target in view!
No target in view!
You start resting.
HP restored.
You start resting.
HP restored.
Found a stone staircase leading up.
No target in view!
A hobgoblin comes into view. It is wielding a club.
The hobgoblin shouts!
A hobgoblin is nearby!
A hobgoblin is nearby!
The hobgoblin misses you.
A hobgoblin is nearby!
You barely miss the hobgoblin.
A goblin comes into view. It is wielding a dagger.
The goblin shouts!
You hit the hobgoblin.
The hobgoblin is severely wounded.
You hear a shout!
The hobgoblin misses you.
You hit the hobgoblin but do no damage.
The hobgoblin is severely wounded.
The hobgoblin hits you with a club.
You hit the hobgoblin but do no damage.
The hobgoblin is severely wounded.
The hobgoblin hits you with a club.
An orc comes into view. It is wielding a quarterstaff.
You hit the hobgoblin.
You kill the hobgoblin!
You miss the goblin. The goblin hits you with a dagger.
You barely miss the goblin. The goblin closely misses you.
You closely miss the goblin. The goblin barely misses you.
You hit the goblin.
The goblin is severely wounded.
The goblin hits you with a dagger.
* * * LOW HITPOINT WARNING * * *
You hit the goblin but do no damage.
The goblin is severely wounded.
The goblin hits you with a dagger.
* * * LOW HITPOINT WARNING * * *
You hit the goblin.
You kill the goblin!
The orc throws a stone.
The stone misses you. The orc hits you with a quarterstaff.
* * * LOW HITPOINT WARNING * * *
Things that are here:
a dagger; a club; a goblin corpse You hit the orc but do no damage.
The orc hits you with a quarterstaff!
You die...

### #.. #.# #o# #@#
########.#
#........#
#........#
#........#
########.# .
######(### ...
..........####.....
...................


You could see an orc.

Vanquished Creatures
  2 adders
  4 dart slugs
  2 leopard geckos (D:1)
  An orc (D:3)
  2 ball pythons
  A giant cockroach (D:2)
  4 goblins
  6 hobgoblins
  2 kobolds
  A quokka (D:3)
  6 bats
  3 frilled lizards
  3 rats
37 creatures vanquished.

Notes
Turn   | Place    | Note
-------+----------+-------------------------------------------
     0 | D:1      | Amnesiac the Mummy Monk began the quest for the Orb.
     0 | D:1      | Reached XP level 1. HP: 18/18 MP: 1/1
   313 | D:1      | Reached skill level 3 in Unarmed Combat
   313 | D:1      | Reached XP level 2. HP: 24/24 MP: 2/2
  1113 | D:2      | Found an iron altar of Okawaru.
  1113 | D:2      | Found a stormy altar of Qazlal.
  1234 | D:2      | Reached XP level 3. HP: 29/29 MP: 3/3
  1970 | D:2      | Found an ancient bone altar of Kikubaaqudgha.
  2113 | D:3      | Reached skill level 4 in Unarmed Combat
  2275 | D:3      | Slain by an orc

Vault maps used:
D:1:      saegor_arrival_simple_c
D:2:      lemuel_upstairs_altar, gammafunk_temple_overflow_pools, first_ration,
          roderic_lattice_a
D:3:      bloody_trog

Skill      XL: |  1  2  3 |
---------------+----------+-----
Unarmed Combat | 3 4 |  4.0
Fighting       | |  3.0
Dodging        | |  2.4
Stealth        | |  1.5

Action                   || total
-------------------------++-------
Melee: Unarmed           ||   133
  Use: Scroll            ||     2
 Stab: Sleeping          ||     4
Dodge: Dodged            ||    99

Table legend:
 A = Non-vault XP
 B = Vault XP
 C = Vault XP percentage of total XP
 D = Non-vault monster count
 E = Vault monster count
 F = Vault count percentage of total count
                 A         B        C        D         E       F
            +---------+---------+-------+---------+---------+-------
      Total |      96 |       0 |   0.0 |      37 |       0 |   0.0
            +---------+---------+-------+---------+---------+-------
        D:1 |      37 |       0 |   0.0 |      19 |       0 |   0.0
        D:2 |      30 |       0 |   0.0 |      11 |       0 |   0.0
        D:3 |      29 |       0 |   0.0 |       7 |       0 |   0.0
            +---------+---------+-------+---------+---------+-------
